[Event "Early-Titled-Tuesday-Blitz-April-16-2024"]
[Site "Chess.com"]
[Date "2024.04.16"]
[Round "9"]
[White "Leo_C"]
[Black "IndianSchoolOfSuffering"]
[Result "1-0"]
[WhiteElo "2669"]
[BlackElo "2439"]
[TimeControl "180+1"]
[EndTime "9:49:00 PDT"]
[Termination "Leo_C won by checkmate"]

1. e4 e5 2. Nf3 Nc6 3. Bb5 Nf6 4. O-O Nxe4 5. Re1 Nd6 6. Nxe5 Be7 7. Bf1 Nxe5 8. Rxe5 O-O 9. d4 Bf6 10. Re1 Re8 11.
Nc3 c6 12. d5 c5 13. Bf4 Rxe1 14. Qxe1 Nf5 15. d6 Nd4 16. Qe4 Ne6 17. Nd5 Rb8 18. Bd3 g6 19. Be5 Bg7 20. Bxg7 Kxg7 21. f4 b6 22. f5 Nd4 23. fxg6 hxg6 24. Rf1 Qg5 25. h4 Qg3 26. Qe8 f5 27. Qe7+ Kh6 28. Nf6 Qxh4 29. Ng8+ Kh5 30. Qh7+ Kg5 31. Qe7+ Kh5 32. Be2+ Nxe2+ 33. Qxe2+ Kg5 34. Qe3+ Kh5 35. Rf3 Qd4 36. Rh3+ Kg4 37.
Nh6# 1-0

[Event "Early-Titled-Tuesday-Blitz-April-16-2024"]
[Site "Chess.com"]
[Date "2024.04.16"]
[Round "9"]
[White "Squirlolz"]
[Black "AndrewB92"]
[Result "1-0"]
[WhiteElo "2584"]
[BlackElo "2458"]
[TimeControl "180+1"]
[EndTime "9:49:00 PDT"]
[Termination "Squirlolz won on time"]

1. e4 c5 2. Be2 Nc6 3. f4 e5 4. Nf3 d6 5. O-O Nf6 6. d3 Be7 7. Nc3 O-O 8. fxe5 dxe5 9. Bg5 h6 10. Bxf6 Bxf6 11. Nd5 Bg5 12. c3 Be6 13. Qb3 Be3+ 14. Kh1 Na5 15. Qa4 Bxd5 16. exd5 b5 17. Qe4 Bf4 18.
Nxe5 Bxe5 19. Qxe5 Re8 20. Qh5 g6 21. Qf3 f5 22. Rae1 Qd6 23. Bd1 Nb7 24. Re6 Rxe6 25. dxe6 Rb8 26. Bb3 Kg7 27. Re1 Na5 28. Bc2 Re8 29.
Qe3 Nc6 30. h3 g5 31. a4 a6 32. axb5 axb5 33. Bb3 Kf6 34. Qf2 Ne5 35. Bc2 Rxe6 36. d4 cxd4 37. cxd4 Nc4 38. Qxf5+ Ke7 39. Qh7+ Kd8 40.
Ra1 1-0

[Event "Early-Titled-Tuesday-Blitz-April-16-2024"]
[Site "Chess.com"]
[Date "2024.04.16"]
[Round "9"]
[White "Rosh1610"]
[Black "GoltsevDmitry2000"]
[Result "0-1"]
[WhiteElo "2479"]
[BlackElo "2783"]
[TimeControl "180+1"]
[EndTime "9:49:02 PDT"]
[Termination "GoltsevDmitry2000 won by checkmate"]

1. e4 e6 2. d4 d5 3. Nc3 c5 4. exd5 exd5 5. Nf3 Nf6 6. Be2 Nc6 7. O-O Be7 8. dxc5 Bxc5 9. Bg5 O-O 10. Bxf6 Qxf6 11. Qxd5 Bb6 12. Bd3 Bg4 13. Qe4 Qg6 14. Qxg6 hxg6 15. Be4 Rad8 16. Bxc6 bxc6 17. Ne5 Bf5 18.
Nxc6 Rd2 19. Ne7+ Kh7 20. Nxf5 gxf5 21. Rac1 Re8 22. g3 Bd4 23. Nb1 Rde2 24. c3 Bb6 25. b4 Rxa2 26. c4 Bd4 27. Nc3 Rb2 28. Nb5 Bf6 29.
Nxa7 Rxb4 30. c5 Ra4 31. Nb5 Rc8 32. Nd6 Rc7 33. Ne8 Rc6 34. Nxf6+ gxf6 35. Rfd1 Kg6 36. Rd5 f4 37. g4 f3 38. h3 Ra3 39. Kh2 Rb3 40.
Kg3 Ra3 41. Rf5 Rd3 42. Rxf3 Rd5 43. Rfc3 f5 44. f4 f6 45. R1c2 Rd1 46. Kh4 Rg1 47.
Rg3 Rf1 48. Rc4 Rc8 49. gxf5+ Kxf5 50. Rg4 Rf3 51. Rg7 Rh8+ 52. Rh7 Rxh7# 0-1

[Event "Early-Titled-Tuesday-Blitz-April-16-2024"]
[Site "Chess.com"]
[Date "2024.04.16"]
[Round "9"]
[White "gau248"]
[Black "ReinisUz"]
[Result "0-1"]
[WhiteElo "2558"]
[BlackElo "2391"]
[TimeControl "180+1"]
[EndTime "9:49:03 PDT"]
[Termination "ReinisUz won by resignation"]

1. e4 e5 2. Nf3 Nc6 3. Bb5 g6 4. c3 a6 5. Ba4 Bg7 6. O-O Nge7 7.
d4 exd4 8. cxd4 b5 9. Bc2 O-O 10.
Nc3 h6 11. d5 Nb4 12. Bb1 a5 13. Re1 Rb8 14. Bf4 d6 15. Nd4 Bd7 16. a3 Na6 17.
Be3 Nc5 18. b4 axb4 19. axb4 Na4 20. Nxa4 bxa4 21. b5 Bxb5 22. Bc2 Qd7 23. Bxa4 Bxa4 24. Rxa4 Rb1 25. Qxb1 Qxa4 26. Qd3 Rb8 27. Rc1 Kh7 28. h4 Rb7 29. h5 Kg8 30. hxg6 Nxg6 31. Nf5 Ne5 32. Qe2 Qxe4 33. Nxg7 Rb1 34. Re1 Rxe1+ 35. Qxe1 Qg6 36. Ne8 Nf3+ 37. Kf1 Nxe1 38. Kxe1 Qb1+ 39. Ke2 Qa2+ 40. Kf1 Kf8 41. Nf6 Qa1+ 42. Ke2 Qxf6 0-1

[Event "Early-Titled-Tuesday-Blitz-April-16-2024"]
[Site "Chess.com"]
[Date "2024.04.16"]
[Round "9"]
[White "KVAIDAN"]
[Black "jaskol95"]
[Result "1-0"]
[WhiteElo "2365"]
[BlackElo "2527"]
[TimeControl "180+1"]
[EndTime "9:49:03 PDT"]
[Termination "KVAIDAN won by checkmate"]

1. f4 d5 2. Nf3 Bg4 3. Ne5 Bf5 4. c4 e6 5. Qb3 Qc8 6. cxd5 Nf6 7. Nc3 Bd6 8. e3 O-O 9. Be2 exd5 10. Nxd5 Nxd5 11.
Qxd5 Nd7 12. Nxd7 Qxd7 13. O-O Rfe8 14. Qf3 Be4 15. Qg3 Bc5 16. d4 Bb6 17. Bd2 c5 18.
Bg4 f5 19. Bh5 Re7 20. dxc5 Bxc5 21. Bc3 Qd3 22. Rfe1 Bc6 23. Be5 Rd7 24. Rad1 Bxe3+ 25. Rxe3 Qxd1+ 26. Bxd1 Rxd1+ 27. Re1 Rd7 28. Qb3+ Kh8 29. Rd1 Rad8 30. Rxd7 Rxd7 31. Qe6 Rd8 32. Qe7 Rg8 33. h4 h6 34. h5 Kh7 35. Qf7 Be8 36. Qxb7 Kh8 37. Qxa7 Bxh5 38. Qd4 Kh7 39. a4 Be2 40. Qd7 Bg4 41. a5 Kg6 42. a6 Kh5 43. a7 Be2 44.
Bxg7 Ra8 45. Qe6 Bd3 46. Qxh6+ Kg4 47. Qg5# 1-0

[Event "Early-Titled-Tuesday-Blitz-April-16-2024"]
[Site "Chess.com"]
[Date "2024.04.16"]
[Round "9"]
[White "ljuks68"]
[Black "PawnEatingZombie"]
[Result "1-0"]
[WhiteElo "2395"]
[BlackElo "2252"]
[TimeControl "180+1"]
[EndTime "9:49:04 PDT"]
[Termination "ljuks68 won on time"]

1. e4 c5 2. Nf3 Nc6 3. d4 cxd4 4. Nxd4 e5 5. Nb5 d6 6. c4 Be6 7. N1c3 a6 8. Na3 g6 9. Bd3 Bg7 10. O-O Nf6 11. Nd5 Nd7 12. Be3 O-O 13. Nc2 f5 14. f3 f4 15. Bf2 g5 16. b4 h5 17. Be2 Rc8 18. Rc1 Qe8 19. h3 Rf7 20. Qd2 Bh6 21.
b5 Nd8 22. bxa6 bxa6 23. Ncb4 Nc5 24. Bxc5 dxc5 25. Nd3 Bg7 26. Qa5 Nc6 27. Qxa6 Nd4 28.
Bd1 Bxd5 29. cxd5 g4 30. fxg4 hxg4 31. Bxg4 Ra8 32. Qg6 Rxa2 33. Rxc5 f3 34. Rc8 Rxg2+ 35. Kh1 Qxc8 36. Qxf7+ Kxf7 37. Bxc8 Rd2 38. Ba6 Kg6 39. d6 Bf6 40. d7 1-0

[Event "Early-Titled-Tuesday-Blitz-April-16-2024"]
[Site "Chess.com"]
[Date "2024.04.16"]
[Round "9"]
[White "knightinshiningarmour16"]
[Black "XDPS"]
[Result "0-1"]
[WhiteElo "2359"]
[BlackElo "2829"]
[TimeControl "180+1"]
[EndTime "9:49:07 PDT"]
[Termination "XDPS won by checkmate"]

1. d4 d5 2. Nf3 Nf6 3. Bf4 c5 4.
e3 Nc6 5. c3 Qb6 6. Qb3 c4 7.
Qxb6 axb6 8. Na3 Ra5 9. Nc2 Bf5 10. Nb4 Nxb4 11. cxb4 Ra4 12. a3 b5 13. Rc1 e6 14. h3 h6 15. g4 Be4 16. Bg2 Nd7 17.
O-O Ra6 18. Nd2 Bxg2 19. Kxg2 Nb6 20. Nb1 Na4 21. Rc2 Kd7 22. Nc3 Nxc3 23. Rxc3 Be7 24. Bg3 Rha8 25. Rc2 Ra4 26. Re2 R8a6 27. f3 Bxb4 28.
axb4 Rxb4 29. e4 Ra2 30. Rff2 f6 31. exd5 exd5 32. Rd2 Rb3 33. Rfe2 b4 34. Rc2 b5 35.
Be1 Ra1 36. Kf2 Rb1 37. Kg2 Rd1 38. Bg3 Rxd4 39. Re1 Rbd3 40. Rce2 Rd2 41. Bf2 Rxe2 42. Rxe2 Rd3 43. Be1 b3 44. Bc3 d4 45. Bb4 Kc6 46. Kf2 Rd1 47. Rd2 Rxd2+ 48. Bxd2 Kc5 49. h4 b4 50. f4 c3 51. bxc3 bxc3 52. g5 cxd2 53. Ke2 b2 54. Kxd2 b1=Q 55. gxh6 Kc4 56. h7 Qb2+ 57. Ke1 Kd3 58. Kf1 Ke3 59. Kg1 Kf3 60.
h8=Q Qg2# 0-1

[Event "Early-Titled-Tuesday-Blitz-April-16-2024"]
[Site "Chess.com"]
[Date "2024.04.16"]
[Round "9"]
[White "Yan_Dyomin2010"]
[Black "Slovineanu"]
[Result "1-0"]
[WhiteElo "2632"]
[BlackElo "2500"]
[TimeControl "180+1"]
[EndTime "9:49:07 PDT"]
[Termination "Yan_Dyomin2010 won on time"]

1. e4 c6 2. d4 d5 3. e5 Bf5 4. Nf3 e6 5. Be2 Nd7 6. O-O a6 7. Re1 h6 8. Nbd2 c5 9. c4 Ne7 10. b3 dxc4 11. Nxc4 Nd5 12. Bb2 b5 13. Nd6+ Bxd6 14. exd6 O-O 15. dxc5 Nxc5 16. Bxg7 Kxg7 17. Qd4+ Kh7 18. Qxc5 Rc8 19. Qd4 Qxd6 20. Rac1 Qf4 21. g3 Qxc1 22. Rxc1 Rxc1+ 23. Kg2 Rfc8 24. Nh4 Bg6 25.
Nxg6 fxg6 26. Bg4 Re8 27. Qa7+ Re7 28. Qxa6 Rc2 29. Bxe6 Nc7 30. Qd6 Rxe6 31. Qd7+ Kh8 32. Qd8+ Kh7 33. Qd7+ Kg8 34. Qd8+ Kg7 35. Qd7+ Kg8 36.
Qd8+ Re8 37. Qd7 Rf8 38. Kh3 Rfxf2 39. Qd8+ Kg7 40. Qe7+ Rf7 41. Qe5+ Kh7 42. a4 bxa4 43. bxa4 Na6 44. Qe6 Ra7 45. Qb6 Rcc7 46. a5 Nc5 47.
Kg2 Ne4 48. h4 Kg7 49. Qd4+ Nf6 50. Qb6 Rcb7 51. Qd8 h5 52. Kf3 Rd7 53. Qb6 Rdb7 54. Qd8 Rd7 55. Qb6 Rab7 56. Qc6 Rb3+ 57. Ke2 Rdd3 58.
a6 Rxg3 59. a7 Rg2+ 60. Qxg2 Rb2+ 61. Kf3 Rb3+ 62. Kf4 Rb4+ 63. Ke5 1-0

[Event "Early-Titled-Tuesday-Blitz-April-16-2024"]
[Site "Chess.com"]
[Date "2024.04.16"]
[Round "9"]
[White "tsaruk_maks"]
[Black "Durarbayli"]
[Result "0-1"]
[WhiteElo "2729"]
[BlackElo "2882"]
[TimeControl "180+1"]
[EndTime "9:49:10 PDT"]
[Termination "Durarbayli won on time"]

1. e4 e5 2. Nf3 Nc6 3. Bb5 a6 4. Ba4 Nge7 5. c3 g6 6. d4 exd4 7. cxd4 b5 8. Bb3 Bg7 9. Nc3 d6 10. h3 O-O 11. O-O Na5 12. Bg5 h6 13. Bxe7 Qxe7 14.
Nd5 Qd8 15. Rc1 c6 16. Ne3 Ra7 17. Bc2 c5 18. e5 cxd4 19. Qxd4 Nc6 20. Qxd6 Nxe5 21.
Qd1 Rd7 22. Qe2 Nxf3+ 23. Qxf3 Bxb2 24. Rcd1 Bd4 25. Bb3 Bb7 26. Qf4 Bg7 27. Rxd7 Qxd7 28. Rd1 Qe7 29. Qg4 Qe4 30. Rd7 Qxg4 31. hxg4 Bc8 32. Rc7 Be5 33. Re7 Bd6 34. Re4 Kg7 35. Nd5 Bc5 36. Kf1 Rd8 37. Ne7 Bb7 38. Rf4 Rf8 39. Nd5 Bd6 40. Rf6 Rd8 41. Rf3 a5 42. a4 bxa4 43. Ba2 Bf8 0-1

[Event "Early-Titled-Tuesday-Blitz-April-16-2024"]
[Site "Chess.com"]
[Date "2024.04.16"]
[Round "9"]
[White "StelaSfw"]
[Black "Nutflush"]
[Result "0-1"]
[WhiteElo "1609"]
[BlackElo "2115"]
[TimeControl "180+1"]
[EndTime "9:49:10 PDT"]
[Termination "Nutflush won by checkmate"]

1. e4 c5 2. Nf3 Nc6 3. d4 cxd4 4.
Nxd4 g6 5. Bc4 Bg7 6. Nxc6 bxc6 7. c3 Nf6 8. e5 Nd5 9. Bxd5 cxd5 10. Qxd5 Ba6 11.
Bg5 O-O 12. Na3 Qc7 13. O-O-O Bxe5 14. Bxe7 Rfe8 15. Qxd7 Rxe7 16. Qa4 Bb7 17. Nb5 Qb6 18. Nd4 Rc8 19. f3 Bf4+ 20. Kc2 Bc6 21. Qb3 Qxb3+ 22. axb3 Bb7 23. g3 Be5 24. f4 Bxd4 25. Rxd4 Kg7 26. Kd3 Ba6+ 27. Kd2 Bb7 28. b4 Bxh1 29. Rd3 Rcc7 30.
Rd5 Red7 31. Rxd7 Rxd7+ 32. Kc2 Bc6 33. Kb3 Bd5+ 34. Ka3 Bc4 35. Ka4 Rd6 36. b5 Rb6 37.
Kb4 Bxb5 38. Ka3 Bc4 39. b4 Ra6+ 40. Kb2 Ra2+ 41. Kb1 Rxh2 42. b5 Kf6 43. Kc1 Kf5 44. b6 axb6 45. g4+ Ke4 46. f5 Kd3 47. fxg6 Kxc3 48. g5 Rh1# 0-1

[Event "Early-Titled-Tuesday-Blitz-April-16-2024"]
[Site "Chess.com"]
[Date "2024.04.16"]
[Round "9"]
[White "Flawless_Fighter"]
[Black "chess123456s"]
[Result "1-0"]
[WhiteElo "2762"]
[BlackElo "2602"]
[TimeControl "180+1"]
[EndTime "9:49:11 PDT"]
[Termination "Flawless_Fighter won by resignation"]

1. e4 e5 2. Nf3 Nc6 3. Nc3 Nf6 4. Bb5 Bb4 5. O-O O-O 6. d3 Bxc3 7. bxc3 d6 8. Re1 Qe7 9. h3 h6 10. d4 a6 11. Bd3 b5 12. a4 Rb8 13. axb5 axb5 14.
d5 Nd8 15. Ra7 Bb7 16. Qe2 c6 17. c4 bxc4 18. Bxc4 cxd5 19. exd5 Qc7 20. Be3 Nd7 21. Rb1 Nc5 22. Nd2 Qc8 23. Rb5 Ra8 24. Bxc5 dxc5 25.
Rxa8 Bxa8 26. Qxe5 Nb7 27. Ne4 Re8 28. Qf4 Rxe4 29. Qxe4 Nd6 30. Qe5 Nxb5 31. Bxb5 f6 32. Qd6 Kh7 33. Bc6 Bxc6 34. dxc6 Kg6 35. c7 Qe8 36.
Qg3+ Kf7 37. Qb3+ Kg6 38. Qd3+ Kf7 39. Qd8 Qe1+ 40. Kh2 Qe5+ 41. g3 Qe2 42. Qd5+ Ke7 43. c8=Q Qxf2+ 44. Qg2 1-0

[Event "Early-Titled-Tuesday-Blitz-April-16-2024"]
[Site "Chess.com"]
[Date "2024.04.16"]
[Round "9"]
[White "the_chess_child"]
[Black "SaqoChess_Twitch"]
[Result "1-0"]
[WhiteElo "2830"]
[BlackElo "2670"]
[TimeControl "180+1"]
[EndTime "9:49:13 PDT"]
[Termination "the_chess_child won by checkmate"]

1. e4 c5 2. Nf3 d6 3. g3 Nf6 4.
d3 e6 5. Bg2 Be7 6. O-O O-O 7.
Re1 Nc6 8. c3 Qc7 9. Na3 a6 10.
Nc4 b5 11. Nxd6 Bxd6 12. e5 Nxe5 13. Nxe5 Bb7 14. Bxb7 Qxb7 15. a4 Rfd8 16. Bg5 Be7 17. Qe2 h6 18. Bd2 Qd5 19. axb5 axb5 20. c4 bxc4 21.
dxc4 Qb7 22. Rxa8 Rxa8 23. Bc3 Rd8 24. h4 Qa8 25. Nxf7 Kxf7 26. Qxe6+ Kg6 27. Qxe7 Re8 28. Qxc5 Rxe1+ 29. Bxe1 Qe4 30. Bc3 Qb1+ 31. Kg2 Qe4+ 32. Kf1 Qd3+ 33. Ke1 Qb1+ 34. Ke2 Qc2+ 35. Kf1 Qd3+ 36.
Kg1 Qb1+ 37. Kh2 Ng4+ 38. Kh3 Qh1+ 39. Kxg4 Qe4+ 40. f4 Qe2+ 41. Kh3 Qf1+ 42. Kh2 Qe2+ 43. Kg1 Qd1+ 44. Kg2 Qe2+ 45. Qf2 Qe4+ 46. Qf3 Qc2+ 47.
Qf2 Qe4+ 48. Kh2 Qxc4 49. Qc2+ Kh5 50. Qf5+ g5 51. g4+ Kxh4 52. Be1# 1-0

[Event "Early-Titled-Tuesday-Blitz-April-16-2024"]
[Site "Chess.com"]
[Date "2024.04.16"]
[Round "9"]
[White "andong36"]
[Black "Bwert2602"]
[Result "1-0"]
[WhiteElo "2383"]
[BlackElo "2203"]
[TimeControl "180+1"]
[EndTime "9:49:13 PDT"]
[Termination "andong36 won on time"]

1. d4 Nf6 2. Bf4 c5 3. e3 cxd4 4. exd4 d5 5. c3 Bf5 6. Nf3 Nc6 7. Bd3 Bxd3 8. Qxd3 Qb6 9. Nbd2 e6 10. O-O Nh5 11.
Be3 Bd6 12. b4 O-O 13. Ng5 Nf6 14. a4 e5 15. dxe5 Nxe5 16. Qf5 Qc7 17. Bd4 h6 18. f4 Ned7 19. Nh3 Rae8 20. Rae1 Rxe1 21. Rxe1 Re8 22.
Rxe8+ Nxe8 23. g3 Ndf6 24. Nf2 Qd7 25. Qd3 Qxa4 26. Kg2 a6 27. Nf3 Qb5 28. Qe3 Nc7 29.
Bxf6 gxf6 30. Nd4 Qe8 31. Qf3 Qe7 32. Qg4+ Kh7 33. Nf5 Qf8 34. Qh5 b6 35. Ng4 d4 36.
cxd4 Nd5 37. Ngxh6 1-0

[Event "Early-Titled-Tuesday-Blitz-April-16-2024"]
[Site "Chess.com"]
[Date "2024.04.16"]
[Round "9"]
[White "Zhigalko_Sergei"]
[Black "DenLaz"]
[Result "0-1"]
[WhiteElo "2927"]
[BlackElo "3116"]
[TimeControl "180+1"]
[EndTime "9:49:14 PDT"]
[Termination "DenLaz won by checkmate"]

1. e4 e5 2. Nf3 Nc6 3. Bc4 Bc5 4. O-O Nf6 5. d3 d6 6. Nbd2 O-O 7. c3 a6 8. Bb3 Be6 9. h3 Bxb3 10. Qxb3 Qd7 11. Re1 h6 12. Nf1 Rfe8 13. Be3 Bxe3 14. Nxe3 Ne7 15. Nh4 Rab8 16. Rad1 b5 17. Nhf5 Nxf5 18.
Nxf5 g6 19. Ne3 Kg7 20. f3 c5 21. d4 c4 22. Qc2 Qc6 23. Qf2 Qc8 24. dxe5 dxe5 25.
Rd6 Re6 26. Red1 a5 27. Kh2 Nh5 28. Ng4 Nf4 29. Qh4 g5 30. Qg3 Nd3 31. Rd5 Qc7 32. Ne3 a4 33. Nf5+ Kg6 34. b3 axb3 35. axb3 Rd8 36.
bxc4 bxc4 37. Rxd8 Qxd8 38. Rb1 Rb6 39. Ne7+ Kh7 40. Rxb6 Qxb6 41. Nf5 Nf4 42. h4 Ne2 43. Qg4 Qg1+ 44. Kh3 Qh1# 0-1

[Event "Early-Titled-Tuesday-Blitz-April-16-2024"]
[Site "Chess.com"]
[Date "2024.04.16"]
[Round "9"]
[White "masterofpuppets2"]
[Black "Vse_po_kaify"]
[Result "1-0"]
[WhiteElo "2483"]
[BlackElo "2578"]
[TimeControl "180+1"]
[EndTime "9:49:14 PDT"]
[Termination "masterofpuppets2 won on time"]

1. d4 Nf6 2. c4 e6 3. Nc3 Bb4 4. Qc2 b6 5. e4 c5 6. d5 exd5 7.
exd5 Qe7+ 8. Ne2 O-O 9. Bd2 d6 10. O-O-O Nbd7 11. a3 Bxc3 12. Bxc3 Ne4 13. Be1 a6 14. f3 Nef6 15. Ng3 Ne5 16. Bc3 b5 17. cxb5 axb5 18. Bxb5 Rb8 19. a4 Bd7 20. Bxd7 Qxd7 21. Rhe1 Rfe8 22. Re2 h6 23. Ne4 Nxe4 24. Rxe4 Ng6 25.
Rde1 Rec8 26. h4 h5 27. Qd2 Rb4 28. Bxb4 cxb4+ 29. Kb1 b3 30. Qb4 Ne5 31. Qxb3 Qc7 32. R4e3 Rb8 33. Qc2 Qa5 34. f4 Nd7 35. Re8+ Nf8 36.
Rxb8 Qxe1+ 37. Ka2 Qxh4 38. a5 Qe1 39. Qc3 Qd1 40.
Qb3 Qd3 41. Qxd3 1-0

[Event "Early-Titled-Tuesday-Blitz-April-16-2024"]
[Site "Chess.com"]
[Date "2024.04.16"]
[Round "9"]
[White "bylavochka"]
[Black "kacperkarwowski"]
[Result "0-1"]
[WhiteElo "2344"]
[BlackElo "2500"]
[TimeControl "180+1"]
[EndTime "9:49:15 PDT"]
[Termination "kacperkarwowski won by checkmate"]

1. e4 c6 2. d4 d6 3. Nf3 h6 4. Be2 g5 5. O-O Bg7 6. c3 Nd7 7. Ne1 Ngf6 8. Qc2 Nf8 9. b4 Ng6 10. b5 Qa5 11. Na3 Be6 12. Nc4 Bxc4 13. Bxc4 cxb5 14. Bb3 Rc8 15. Bd2 e5 16. Qd1 O-O 17.
Qe2 Qb6 18. Nc2 Rfe8 19. d5 Nf4 20. Bxf4 gxf4 21. a4 Rxc3 22. Rfb1 b4 23. a5 Qc5 24. Ra4 Rc8 25. Nxb4 Rc1+ 26. Rxc1 Qxc1+ 27. Bd1 Nxe4 28. Nd3 Qd2 29. Qxd2 Nxd2 30. Ra2 Nc4 31. Rc2 b5 32. Nb4 Ra8 33. Nc6 Bf6 34. Be2 Na3 35. Ra2 Nb1 36.
Bxb5 Nc3 37. Rb2 Nxd5 38. Bc4 Ne7 39. Nxe7+ Bxe7 40. Rb7 Kf8 41. a6 Rc8 42. Bd5 Rc1# 0-1

[Event "Early-Titled-Tuesday-Blitz-April-16-2024"]
[Site "Chess.com"]
[Date "2024.04.16"]
[Round "9"]
[White "Ati1517"]
[Black "noblerone"]
[Result "1-0"]
[WhiteElo "2239"]
[BlackElo "2482"]
[TimeControl "180+1"]
[EndTime "9:49:15 PDT"]
[Termination "Ati1517 won by resignation"]

1. e4 c5 2. Nf3 e6 3. d4 cxd4 4. Nxd4 Qb6 5. Nc3 Bc5 6. Na4 Qa5+ 7. c3 Bxd4 8. Qxd4 Nf6 9. b3 Nc6 10. Qe3 d5 11. e5 Nd7 12. f4 d4 13. Qd3 O-O 14.
Be2 a6 15. Bd2 dxc3 16. Nxc3 Nb4 17. Qb1 Qc5 18. Ne4 Qe7 19. a3 Nd5 20. O-O h6 21.
Bc4 N7b6 22. Qd3 Bd7 23. Nd6 Bc6 24. f5 exf5 25. Qxf5 Qe6 26. Qxe6 fxe6 27. Rxf8+ Rxf8 28. Rf1 Rxf1+ 29. Kxf1 Nxc4 30. bxc4 Ne7 31. c5 Nd5 32. Kf2 Kf8 33. Nc4 Nc7 34. Na5 Bd5 35. Bb4 Kf7 36. g3 Nb5 37. Ke3 g6 38. a4 Nc7 39.
Kd4 Ne8 40. Nc4 Bxc4 41. Kxc4 Nc7 42. c6 b6 43. Bd6 b5+ 44. axb5 axb5+ 45. Kc5 Nd5 46.
c7 1-0

[Event "Early-Titled-Tuesday-Blitz-April-16-2024"]
[Site "Chess.com"]
[Date "2024.04.16"]
[Round "9"]
[White "sokidze"]
[Black "kachsona"]
[Result "1-0"]
[WhiteElo "2809"]
[BlackElo "2618"]
[TimeControl "180+1"]
[EndTime "9:49:17 PDT"]
[Termination "sokidze won by resignation"]

1. d4 d5 2. c4 e6 3. Nf3 Nf6 4. g3 c6 5. Qc2 Be7 6. Bg2 O-O 7. O-O Ne4 8. Nbd2 f5 9. Ne5 Nd7 10. Nd3 Bf6 11. Nf3 b6 12. cxd5 cxd5 13. Qc6 Ndc5 14. Qxa8 Nxd3 15. exd3 Qd7 16. Qb8 Nd6 17. Bf4 Nb5 18.
Ne5 Qe7 19. Nc6 Qd7 20. Nxa7 Bb7 21. Qxb7 Qxb7 22. Nxb5 g5 23. Be5 Bxe5 24. dxe5 f4 25. Bh3 Qf7 26. Nd4 Re8 27. Rac1 Qh5 28. Bxe6+ Kh8 29.
Bxd5 Rxe5 30. Bg2 f3 31. Nxf3 Rd5 32. Rfe1 Rxd3 33. Re5 Rd8 34. Rxg5 Qf7 35. a3 h6 36. Re5 Qf6 37. Re2 Rd3 38. Ne5 Rd5 39. Bxd5 Qd6 40. Nf7+ Kg7 41. Nxd6 1-0

[Event "Early-Titled-Tuesday-Blitz-April-16-2024"]
[Site "Chess.com"]
[Date "2024.04.16"]
[Round "9"]
[White "Anton_Demchenko"]
[Black "Boundless_Strike"]
[Result "0-1"]
[WhiteElo "2975"]
[BlackElo "2662"]
[TimeControl "180+1"]
[EndTime "9:49:18 PDT"]
[Termination "Boundless_Strike won on time"]

1. e4 d6 2. d4 Nf6 3. Nc3 c6 4. f4 Qa5 5. Bd3 e5 6. Nf3 exd4 7. Nxd4 Qb6 8. Nb3 a5 9. a4 Bg4 10. Qd2 Be6 11. Qf2 Qxf2+ 12. Kxf2 Bxb3 13. cxb3 Na6 14. Bd2 Nb4 15. Be2 d5 16. e5 Bc5+ 17. Kf3 Nd7 18. Rac1 O-O 19. Kg3 Rae8 20. Rhd1 Re7 21. Bg4 Bb6 22. Ne2 Nc5 23. Bxb4 axb4 24. Nd4 f6 25. Rxc5 Bxc5 26. Ne6 fxe5 27. Nxc5 exf4+ 28. Kf2 b6 29. Nd3 c5 30. Bf3 d4 31. a5 bxa5 32. Nxc5 Rc8 33.
Nd3 Rc2+ 34. Kf1 g5 35. h3 Kg7 36. h4 h6 37. hxg5 hxg5 38. Rb1 Rec7 39. Ke1 Kf6 0-1

[Event "Early-Titled-Tuesday-Blitz-April-16-2024"]
[Site "Chess.com"]
[Date "2024.04.16"]
[Round "9"]
[White "CrushingKings"]
[Black "NajdorfPlayerc5"]
[Result "1/2-1/2"]
[WhiteElo "2596"]
[BlackElo "2422"]
[TimeControl "180+1"]
[EndTime "9:49:18 PDT"]
[Termination "Game drawn by repetition"]

1. Nf3 Nf6 2. g3 c5 3. Bg2 Nc6 4. d4 cxd4 5. Nxd4 e5 6. Nxc6 dxc6 7. Qxd8+ Kxd8 8. O-O Kc7 9. c4 Be6 10. b3 Bc5 11. e3 Nd7 12. Bb2 f6 13. Nc3 Rhe8 14. Rfd1 a5 15. h3 Rad8 16. Na4 Bf8 17. Bc3 b6 18. Rd2 Nc5 19. Nxc5 Bxc5 20. Rad1 Rxd2 21. Rxd2 Ra8 22. a4 Bb4 23. Bxb4 axb4 24. Kf1 Re8 25. Ke2 c5 26. g4 Rd8 27. Bd5 Bc8 28. e4 h5 29. f3 hxg4 30. fxg4 Rh8 31. Rd3 Rxh3 32. Rxh3 Bxg4+ 33. Rf3 Kd6 34. Kf2 Bxf3 35. Kxf3 Ke7 36. Kg4 g6 37. Kh4 Kf8 38. Be6 Kg7 39. Bh3 Kh6 40. Bd7 Kg7 41. Be8 Kh6 42. Kg4 Kg7 43.
Bd7 Kh6 44. Bc8 Kg7 45. Bd7 Kh6 46. Bc6 Kh7 47. Bb7 Kg7 48. Bc8 Kh6 49. Ba6 Kh7 50.
Bb5 Kh8 51. Bd7 Kg7 52. Kh4 Kf7 53. Bg4 Ke7 54. Bh3 Kf8 55. Kg4 Kf7 56. Kg3 Kg7 57. Bc8 Kh6 58. Kg4 Kg7 59. Bb7 Kf7 60. Ba8 Ke7 61. Bd5 Ke8 62. Bg8 Ke7 63. Bd5 Kf8 64. Bb7 Kg8 65. Bc8 Kg7 1/2-1/2

[Event "Early-Titled-Tuesday-Blitz-April-16-2024"]
[Site "Chess.com"]
[Date "2024.04.16"]
[Round "9"]
[White "lefonghua"]
[Black "LeninGuerra"]
[Result "0-1"]
[WhiteElo "2585"]
[BlackElo "2767"]
[TimeControl "180+1"]
[EndTime "9:49:20 PDT"]
[Termination "LeninGuerra won on time"]

1. d4 Nf6 2. c4 c5 3. d5 b5 4. cxb5 a6 5. b6 d6 6. Nc3 Nbd7 7. a4 Qxb6 8. a5 Qb8 9. e4 g6 10. f4 Bg7 11. Bc4 O-O 12. Qd3 Ra7 13. Nf3 Rb7 14. O-O Rb4 15. Ra2 Rd8 16. b3 Nf8 17. Bd2 e6 18. h3 Bb7 19. Na4 exd5 20. exd5 Bc8 21. Nb6 Bf5 22. Qe2 Re8 23. Qd1 Rxc4 24. bxc4 Ne4 25.
Be1 Nc3 26. Bxc3 Bxc3 27. g4 Be4 28. Ng5 Bd4+ 29. Kh2 h6 30. Nxe4 Rxe4 31. Re2 Qe8 32. Rfe1 Be3 33. Kg2 f5 34. Qd3 Bxf4 35. Rxe4 fxe4 36.
Qxe4 Be5 37. Rf1 Qe7 38. Qf3 Nh7 39. Qe4 Kg7 40. Qb1 Qh4 41. Qd3 Nf6 42. Qf3 Qg5 43.
Nc8 Qd2+ 44. Rf2 Qd4 45. Rc2 h5 46. Ne7 hxg4 47. hxg4 Nxg4 48. Re2 Nf6 49. Rf2 Qh4 50. Qh3 Qg5+ 51. Kf1 Ng4 0-1

[Event "Early-Titled-Tuesday-Blitz-April-16-2024"]
[Site "Chess.com"]
[Date "2024.04.16"]
[Round "9"]
[White "IsaqueGoncalvesSanto"]
[Black "maracayo"]
[Result "1-0"]
[WhiteElo "1890"]
[BlackElo "2356"]
[TimeControl "180+1"]
[EndTime "9:49:22 PDT"]
[Termination "IsaqueGoncalvesSanto won on time"]

1. d4 d6 2. c4 Nf6 3. Nc3 e5 4. dxe5 dxe5 5. Qxd8+ Kxd8 6. a3 Be6 7. e3 Nbd7 8. b4 c6 9. Bb2 a5 10. b5 Kc7 11.
Nf3 h6 12. Be2 Bd6 13. O-O Rhe8 14. Rfd1 Nc5 15. b6+ Kd7 16. Nxe5+ Ke7 17. Nf3 Ra6 18. Rab1 Bf5 19. e4 Nfxe4 20. Nxe4 Bxe4 21. Rbc1 f6 22. a4 Nxa4 23. Bd4 c5 24. Be3 Rxb6 25. Ra1 Nc3 26. Re1 Ra6 27. Nd2 Nxe2+ 28. Rxe2 Bd3 29.
Ree1 Kf8 30. Ra3 Bf5 31. Rb3 b6 32. h3 a4 33. Ra3 Raa8 34. Nf3 Bc7 35. Nh4 Be4 36.
f3 Bh7 37. Kf2 Red8 38. g4 g5 39. Nf5 Bxf5 40. gxf5 Be5 41. Re2 Rd6 42. Rea2 Rad8 43. Rxa4 Rd3 44. Ra7 Rc3 45. Rh7 Kg8 46. Rxh6 Bd4 47.
Rg6+ Kf7 48. Bxd4 cxd4 49. Ra7+ Kf8 50. Rxf6+ Kg8 51. Rg6+ Kf8 52. Rxg5 1-0

[Event "Early-Titled-Tuesday-Blitz-April-16-2024"]
[Site "Chess.com"]
[Date "2024.04.16"]
[Round "9"]
[White "esrosenberg"]
[Black "mertfelin"]
[Result "0-1"]
[WhiteElo "2359"]
[BlackElo "2257"]
[TimeControl "180+1"]
[EndTime "9:49:22 PDT"]
[Termination "mertfelin won by resignation"]

1. d4 d5 2. Nf3 Nf6 3. g3 e6 4. Bg2 Be7 5. O-O O-O 6. c4 dxc4 7. Na3 Bxa3 8. bxa3 Bd7 9. a4 Bc6 10. Ba3 Re8 11. Rc1 Bd5 12. Ne5 Bxg2 13. Kxg2 Nc6 14.
Nxc6 Qd5+ 15. f3 Qxc6 16. e4 a6 17. Bb2 b5 18. Qd2 Red8 19. Rfd1 Qd6 20. e5 Qe7 21. exf6 Qxf6 22. d5 e5 23. f4 Qe7 24. fxe5 Rab8 25. a5 h6 26. Qd4 Rd7 27. Qe4 Re8 28. Re1 Qb4 29. Bc3 Qa4 30. Rc2 b4 31. Bd4 c3 32.
e6 fxe6 33. dxe6 Rde7 34. Rf2 Rxe6 35. Qxe6+ Rxe6 36. Rxe6 c2 37. Re7 Qc6+ 38. Kh3 Qd6 39. Rxg7+ Kh8 40. Bb2 c1=Q 41. Bxc1 Kxg7 42. Bb2+ Kg6 43.
Rf4 Qe6+ 44. Kg2 Qxa2 45. Rf2 c5 46. Bh8 Qd5+ 47. Kh3 c4 48. Rf6+ Kh7 49. Rxa6 Kxh8 50.
Ra8+ Qxa8 0-1